 Dungeon Crawl Stone Soup version 0.19-a0-958-gd69d43c (webtiles) character file.

42 TheGoonsmith the Cudgeler (level 3, 0/28 HPs)
             Began as a Demonspawn Gladiator on July 11, 2016.
             Slain by a gnoll
             ... wielding a +0 halberd
              (12 damage)
             ... on level 2 of the Dungeon.
             The game lasted 00:01:59 (1139 turns).

TheGoonsmith the Cudgeler (Demonspawn Gladiator)    Turns: 1139, Time: 00:02:00

Health: 0/28       AC:  4    Str: 16    XL:     3   Next: 33%
Magic:  3/3        EV: 12    Int:  9    God:
Gold:   88         SH:  0    Dex: 13    Spells: 0 memorised, 2 levels left

rFire  . . .     SeeInvis .     a - +0 flail
rCold  + . .     Gourm    .     b - +0 leather armour
rNeg   . . .     Faith    .     (no shield)
rPois  .         Spirit   .     c - +0 helmet
rElec  .         Dismiss  .     (no cloak)
rCorr  .         Reflect  .     (no gloves)
SustAt .         Harm     .     (no boots)
MR     .....                    (no amulet)
Stlth  +.........               (no ring)
                                (no ring)

@: not resistant to hostile enchantments, very unstealthy
A: cold resistance 1, freezing cloud immunity
a: no special abilities


You were on level 2 of the Dungeon.
You were hungry.

You visited 1 branch of the dungeon, and saw 2 of its levels.

You collected 88 gold pieces.

Inventory:

Hand Weapons
 a - a +0 flail (weapon)
 e - a +0 whip of holy wrath
Missiles
 d - 3 throwing nets
 g - 7 stones (quivered)
 o - 21 poisoned needles
Armour
 b - a +0 leather armour (worn)
 c - a +0 helmet (worn)
Scrolls
 i - a scroll of remove curse {unknown}
 j - a scroll of amnesia {unknown}
Potions
 h - a potion of invisibility {unknown}
 k - 2 potions of might {unknown}
 l - a potion of flight {unknown}
 n - a potion of agility {unknown}
 p - a potion of cancellation {unknown}
Comestibles
 f - a bread ration
 m - a slice of pizza


   Skills:
 + Level 2.6 Fighting
 * Level 3.6 Maces & Flails
 - Level 1.7 Throwing
 - Level 2.6 Dodging


You had 2 spell levels left.
You didn't know any spells.

Dungeon Overview and Level Annotations

Branches:
Dungeon (2/15)

Altars:


Innate Abilities, Weirdness & Mutations

Your flesh is cold resistant. (rC+)
You are immune to freezing clouds.


Message History

You climb upwards.
There is a stone staircase leading down here.
You barely miss the gnoll. The gnoll misses you. x2
You closely miss the gnoll. The gnoll completely misses you.
You closely miss the gnoll. The gnoll barely misses you.
You hit the gnoll.
The gnoll is heavily wounded.
The gnoll barely misses you.
You sock the gnoll!
You kill the gnoll!
You start resting.
HP restored.
There is a stone staircase leading down here.
You climb downwards.
The gnoll hits you with a halberd. The gnoll hits you with a whip.
There is a stone staircase leading up, spattered with blood here.
You closely miss the gnoll. The gnoll closely misses you.
The gnoll hits you with a whip!
You hit the gnoll but do no damage. The gnoll hits you with a halberd!
You die...

....... ..#..###
#.#... #.#....
#..... ##.#..###
##..... ........
.......###....# #
##............###.#.
....................
##......$...........
###........@.......
#..####.gg.....#.
#.. #.#........ #..
#.#....#.#. #.
........... ##
##.#..?.#.#.
#.#....#.# #....# #


You could see 2 gnolls.

Vanquished Creatures
  A gnoll (D:1)
  An adder (D:2)
  3 giant cockroaches (D:1)
  2 hobgoblins (D:1)
  9 kobolds (D:1)
  2 bats (D:1)
  5 giant newts (D:1)
  3 rats
26 creatures vanquished.

Notes
Turn   | Place    | Note
-------+----------+-------------------------------------------
     0 | D:1      | TheGoonsmith the Demonspawn Gladiator began the quest for the Orb.
     0 | D:1      | Reached XP level 1. HP: 16/16 MP: 1/1
   185 | D:1      | Reached skill level 3 in Maces & Flails
   205 | D:1      | Gained mutation: Your flesh is cold resistant. (rC+) [demonic ancestry]
   205 | D:1      | Reached XP level 2. HP: 18/22 MP: 2/2
  1009 | D:2      | Gained mutation: You are immune to freezing clouds. [demonic ancestry]
  1009 | D:2      | Reached XP level 3. HP: 20/28 MP: 3/3
  1139 | D:2      | Slain by a gnoll

Vault maps used:
D:1:      dpeg_arrival_erosion
D:2:      ecumenical_altar_1, uniq_natasha

Skill      XL: |  1 |
---------------+----+-----
Maces & Flails | 3 |  3.6
Fighting       | |  2.6
Throwing       | |  1.7
Dodging        | |  2.6

Action                   || total
-------------------------++-------
Melee: Flail             ||    87
Throw: Stone             ||     5
 Stab: Sleeping          ||     1
Armor: Leather armour    ||    24
Dodge: Dodged            ||    63
